 Dungeon Crawl Stone Soup version 0.28-a0-932-g843f935a50 (webtiles) character file.

Game seed: 18391551017841910958

7891 MacCMillion the Cleaver (level 11, -7/95 HPs)
             Began as a Hill Orc Fighter on Nov 26, 2021.
             Was a High Priest of Okawaru.
             Mangled by a black mamba (10 damage)
             ... on level 1 of the Lair of Beasts on Nov 27, 2021.
             The game lasted 00:54:33 (13143 turns).

MacCMillion the Cleaver (Hill Orc Fighter)         Turns: 13143, Time: 00:54:34

Health: -7/95      AC: 13    Str: 23    XL:     11   Next: 22%
Magic:  14/14      EV:  7    Int: 12    God:    Okawaru [*****.]
Gold:   275        SH:  9    Dex: 10    Spells: 8/11 levels left

rFire   + . .      SeeInvis .   D - +1 flail of Might {vorpal, Int+4}
rCold   . . .      Faith    .   c - +0 buckler
rNeg    . . .      Spirit   .   b - +0 plate armour
rPois   .          Reflect  +   (no helmet)
rElec   .          Harm     .   (no cloak)
rCorr   .          Rampage  .   (no gloves)
Will    .....                   (no boots)
Stlth   ..........              t - amulet of reflection
HPRegen 0.25/turn               h - +4 ring of slaying
MPRegen 0.14/turn               x - ring of protection from fire

@: about to teleport
A: no striking features
a: Renounce Religion, Heroism, Finesse, Duel


You were on level 1 of the Lair of Beasts.
You worshipped Okawaru.
Okawaru was extremely pleased with you.
You visited 2 branches of the dungeon, and saw 11 of its levels.

You collected 649 gold pieces.
You spent 374 gold pieces at shops.

Inventory:

Hand Weapons
 a - a +1 war axe
 D - the +1 flail of Might (weapon) {vorpal, Int+4}
   (You found it on level 6 of the Dungeon)

   It inflicts extra damage upon your enemies.
   Int:       It affects your intelligence (+4).
Missiles
 e - 2 javelins
 j - 6 boomerangs
 q - 137 stones
 F - 20 poisoned darts (quivered)
Armour
 b - a +0 plate armour (worn)
 c - a +0 buckler (worn)
 p - a +0 chain mail
 M - a +3 scale mail of fire resistance
 N - a +0 kite shield
Magical Staves
 B - a staff of death
Jewellery
 h - a +4 ring of slaying (left hand)
 t - an amulet of reflection (around neck)
 x - a ring of protection from fire (right hand)
 G - an amulet of magic regeneration
 J - a ring of protection from cold
Wands
 d - a wand of flame (9)
 O - a wand of acid (5)
 P - a wand of paralysis (11)
 Q - a wand of digging (9)
Scrolls
 g - a scroll of silence {unknown}
 i - a scroll of noise {unknown}
 l - a scroll of enchant weapon
 r - 3 scrolls of blinking
 s - 2 scrolls of amnesia {unknown}
 u - a scroll of fear {unknown}
 E - 2 scrolls of immolation
 H - a scroll of magic mapping
 I - 3 scrolls of identify
 K - 6 scrolls of teleportation
 L - a scroll of enchant armour {unknown}
Potions
 f - a potion of degeneration
 k - 4 potions of haste
 m - 2 potions of cancellation
 n - 5 potions of curing
 o - a potion of mutation
 v - a potion of lignification
 w - 2 potions of attraction
 A - a potion of might
 C - a potion of resistance {unknown}
 R - a potion of heal wounds


   Skills:
 + Level 8.9 Fighting
 - Level 10.2(11.9) Axes
 - Level 8.3(10.0) Maces & Flails
 - Level 7.0 Throwing
 - Level 7.0 Armour
 - Level 4.0 Shields
 - Level 0.9 Spellcasting
 - Level 1.1 Ice Magic
 - Level 5.0 Invocations
 + Level 3.5 Evocations


You had 8 spell levels left.
You knew the following spells:

 Your Spells              Type           Power      Damage    Failure   Level
a - Ozocubu's Armour      Ice            3%         N/A       100%        3

Your spell library contained the following spells:

 Spells                   Type           Power      Damage    Failure   Level
 Foxfire                  Conj/Fire      0%         2x1d4     99%         1
 Slow                     Hex            0%         N/A       99%         1
 Confusing Touch          Hex            0%         N/A       100%        3
 Conjure Flame            Conj/Fire      0%         6-21      100%        3
 Gell's Gravitas          Tloc           0%         N/A       100%        3
 Inner Flame              Hex/Fire       0%         N/A       100%        3
 Teleport Other           Tloc           0%         N/A       100%        3
 Vampiric Draining        Necr           0%         2d6       100%        3
 Cause Fear               Hex            0%         N/A       100%        4
 Flame Wave               Conj/Fire      0%         3d3       100%        4
 Alistair's Intoxication  Tmut/Pois      0%         N/A       100%        5
 Borgnjor's Vile Clutch   Necr/Erth      0%         N/A       100%        5
 Metabolic Englaciation   Hex/Ice        0%         N/A       100%        5
 Dispersal                Tloc           0%         N/A       100%        6
 Eringya's Noxious Bog    Tmut/Pois      0%         N/A       100%        6
 Dragon Form              Tmut           0%         N/A       100%        7
 Simulacrum               Ice/Necr       Unusable   N/A       N/A         6
 Dragon's Call            Summ           Unusable   N/A       N/A         9

Dungeon Overview and Level Annotations

Branches:
Dungeon (10/15)            Temple (0/1) D:6            Lair (1/6) D:10
    Orc (0/2) D:9

Altars:
Ashenzari
Cheibriados
Elyvilon
Fedhas
Kikubaaqudgha
Makhleb
Okawaru
Qazlal
Ru
Trog
Wu Jian
Yredelemnul
Zin

Shops:
D:2 =   D:6 [:(

Annotations:
D:3 1 runed translucent door, Edmund; Telegenic's ghost, amateur DrBe
D:8 1 runed translucent door, MirrMurr's ghost, novice SpEn


Message History

The wolf moves out of view.
A wolf comes into view.
Okay, then.
Blink to where?
Press: ? - help, Dir - move target, p - eight-headed hydra A cane toad comes into view.
Found a hand axe.
As you read the scroll of blinking, it crumbles to dust.
The cane toad gives a loud, deep croak!
The wolf moves out of view.
A black mamba comes into view.
The black mamba hisses angrily.
Aiming: Corrosive Bolt
Press: ? - help, Shift-Dir - straight line, f - eight-headed hydra
Aim: an eight-headed hydra (severely wounded, covered in acid, 91% to hit)
The bolt of acid hits the eight-headed hydra!!
The eight-headed hydra seems to be corroded for longer.
The eight-headed hydra is almost dead.
The cane toad stings you but does no damage.
The eight-headed hydra bites you!
* * * LOW HITPOINT WARNING * * *
You block the eight-headed hydra's attack.
The eight-headed hydra bites you.
* * * LOW HITPOINT WARNING * * *
The eight-headed hydra closely misses you.
The eight-headed hydra bites you!
* * * LOW HITPOINT WARNING * * *
You block the eight-headed hydra's attack.
The eight-headed hydra bites you.
* * * LOW HITPOINT WARNING * * *
You block the eight-headed hydra's attack.
You see here 18 gold pieces.
Blink to where?
Press: ? - help, Dir - move target, p - eight-headed hydra A basilisk comes into view.
As you read the scroll of blinking, it crumbles to dust.
The basilisk hisses angrily.
As you read the scroll of teleportation, it crumbles to dust.
You feel strangely unstable. The black mamba bites you!
You die...

#.. ♣ ♣ #l# ##. ♣.
#.# #.#♣♣. ##..
###.#..# ..#
##......## #.#
#......... ####.##
#.#....#.#
#.#P#..)####.##<...##
#...@S.........h..##
#...#.....(D..#.###
##.###.#..F#.#D.##
#.. ..#..#..§#..# ##
#.#..##.#..#
#..........#
###...#..### #.....##
#...#P.#


You could see an eight-headed hydra (corroded), a black mamba and a cane toad.

Vanquished Creatures
  A hydra (D:9)
  3 two-headed ogres
  Maurice (D:8)
  A komodo dragon (D:10)
  A troll (D:10)
  2 hornets
  A shadow (D:10)
  2 wraiths
  A steam dragon (D:8)
  4 yaks
  2 vampire mosquitoes (D:10)
  3 wargs (D:9)
  Menkaure (D:6)
  A water moccasin (D:8)
  A necrophage (D:7)
  An orc warrior (D:9)
  A sky beast (D:5)
  An ice beast (D:8)
  A black bear (D:6)
  4 centaurs
  A phantom (D:4)
  A kobold brigand (D:10)
  4 bullfrogs
  A gnoll sergeant (D:8)
  2 scorpions
  5 killer bees (D:9)
  3 centaur zombies
  2 centaur skeletons
  A gnoll shaman (D:7)
  2 orc priests
  A bullfrog skeleton (D:6)
  5 iguanas
  Ijyb (D:3)
  6 orc wizards
  4 hound skeletons
  Robin (D:3)
  14 gnolls
  A howler monkey skeleton (D:6)
  5 adders
  2 shadow imps
  2 white imps (D:5)
  2 ufetubi
  2 worms
  2 dart slugs
  21 orcs
  4 ball pythons (D:1)
  6 endoplasms
  2 giant cockroaches (D:1)
  16 goblins
  12 hobgoblins
  11 jackals
  12 kobolds
  7 quokkas
  5 bats
  3 frilled lizards
  6 rats
208 creatures vanquished.

Vanquished Creatures (others)
  2 orcs
  2 fungi (Lair:1)
  6 plants
10 creatures vanquished.

Grand Total: 218 creatures vanquished

Notes
Turn   | Place    | Note
-------+----------+-------------------------------------------
     0 | D:1      | MacCMillion the Hill Orc Fighter began the quest for the
                  | Orb.
     0 | D:1      | Reached XP level 1. HP: 19/19 MP: 1/1
    64 | D:1      | Found a faded altar of an unknown god.
   118 | D:1      | Prayed at the altar of an unknown god.
   118 | D:1      | Became a worshipper of Warmaster Okawaru
   118 | D:1      | Reached * piety under Okawaru
   219 | D:1      | Reached XP level 2. HP: 27/27 MP: 2/2
   366 | D:1      | Reached skill level 3 in Axes
   561 | D:1      | Reached XP level 3. HP: 33/33 MP: 3/3
  1173 | D:2      | Reached XP level 4. HP: 40/40 MP: 4/4
  1423 | D:2      | Found Ykhlued's Jewellery Emporium.
  1441 | D:2      | Reached skill level 4 in Axes
  1691 | D:3      | Found a sacrificial altar of Ru.
  1804 | D:3      | Found a runed translucent door.
  1804 | D:3      | Noticed Telegenic's ghost (amateur DrBe)
  1835 | D:3      | Noticed Ijyb
  1851 | D:3      | Killed Ijyb
  1852 | D:3      | Reached XP level 5. HP: 18/47 MP: 5/5
  2151 | D:3      | Found a bloodstained altar of Trog.
  2175 | D:3      | You fall into a shaft and drop 1 floor!
  2175 | D:4      | Noticed Edmund
  2202 | D:3      | Noticed Robin
  3032 | D:3      | Found a broken altar of Ashenzari.
  3039 | D:3      | Found a blossoming altar of Fedhas.
  3102 | D:3      | Killed Robin
  3274 | D:3      | Reached skill level 5 in Axes
  3423 | D:4      | Reached XP level 6. HP: 12/55 MP: 3/6
  3719 | D:4      | Reached skill level 5 in Fighting
  3719 | D:4      | Reached skill level 6 in Axes
  3877 | D:4      | Found an iron altar of Okawaru.
  4049 | D:4      | Reached ** piety under Okawaru
  4293 | D:4      | Reached skill level 5 in Armour
  4453 | D:5      | Entered Level 5 of the Dungeon
  4542 | D:5      | Reached XP level 7. HP: 61/61 MP: 7/7
  4716 | D:5      | Reached skill level 7 in Axes
  4753 | D:5      | Found a snail-covered altar of Cheibriados.
  5171 | D:6      | Noticed a two-headed ogre
  5199 | D:6      | Found Ixky's Book Emporium.
  5219 | D:6      | Found a staircase to the Ecumenical Temple.
  5286 | D:6      | Noticed a two-headed ogre
  5518 | D:6      | Reached skill level 1 in Throwing
  5789 | D:6      | Killed a two-headed ogre
  5789 | D:6      | Reached *** piety under Okawaru
  5789 | D:6      | Received a gift from Okawaru
  5790 | D:6      | Reached skill level 9 in Axes
  5790 | D:6      | Reached XP level 8. HP: 34/70 MP: 8/8
  6033 | D:6      | Noticed Menkaure
  6231 | D:6      | Killed Menkaure
  6287 | D:6      | Killed a two-headed ogre
  6287 | D:6      | Reached **** piety under Okawaru
  6288 | D:6      | Reached skill level 10 in Axes
  6288 | D:6      | Reached XP level 9. HP: 56/75 MP: 9/9
  6434 | D:6      | Found Sunaiwn's Armour Boutique.
  6723 | D:6      | Identified the +1 flail of Might {vorpal, Int+4}
  6870 | D:6      | Found Ugoepp's Antique Weapon Shop.
  7123 | D:7      | Noticed a hornet
  7507 | D:7      | Reached skill level 1 in Maces & Flails
  7599 | D:7      | Reached skill level 1 in Invocations
  7612 | D:7      | Paralysed by a hornet for 1 turns
  7614 | D:7      | Killed a hornet
  7911 | D:7      | Found a burning altar of Makhleb.
  8203 | D:8      | Noticed a hornet
  8220 | D:8      | Paralysed by a hornet for 3 turns
  8236 | D:8      | Killed a hornet
  8497 | D:8      | Reached XP level 10. HP: 76/84 MP: 12/12
  8547 | D:8      | Noticed Maurice
  8598 | D:9      | Found a basalt altar of Yredelemnul.
  8598 | D:9      | Found a white marble altar of Elyvilon.
  8598 | D:9      | Found an ancient bone altar of Kikubaaqudgha.
  8858 | D:8      | Found a runed translucent door.
  8858 | D:8      | Noticed MirrMurr's ghost (novice SpEn)
  8859 | D:8      | Noticed a manticore
  9009 | D:8      | Found a glowing silver altar of Zin.
  9019 | D:8      | Reached ***** piety under Okawaru
  9086 | D:8      | Killed Maurice
  9301 | D:8      | Received a gift from Okawaru
  9925 | D:8      | Reached skill level 5 in Maces & Flails
 10299 | D:8      | Upgraded the game from 0.28-a0-925-gd5e1996cdb to
                  | 0.28-a0-932-g843f935a50
 10371 | D:6      | Bought a book of Winter for 374 gold pieces
 10395 | D:6      | Learned a level 3 spell: Ozocubu's Armour
 10751 | D:9      | Noticed an eight-headed hydra
 10757 | D:9      | Killed an eight-headed hydra
 10758 | D:9      | Reached skill level 1 in Ice Magic
 11202 | D:9      | Reached skill level 1 in Evocations
 11204 | D:9      | Reached skill level 5 in Invocations
 11494 | D:9      | Found a staircase to the Orcish Mines.
 11565 | D:10     | Entered Level 10 of the Dungeon
 11597 | D:9      | Noticed a kobold demonologist
 11911 | D:10     | Found a stormy altar of Qazlal.
 12107 | D:10     | Found an ornate altar of the Wu Jian Council.
 12259 | D:10     | Reached XP level 11. HP: 94/94 MP: 14/14
 12384 | D:10     | Found a staircase to the Lair.
 12439 | D:10     | Noticed a two-headed ogre
 12511 | D:10     | Killed a two-headed ogre
 13125 | Lair:1   | Entered Level 1 of the Lair of Beasts
 13125 | Lair:1   | Noticed an eight-headed hydra
 13139 | Lair:1   | HP: 4/95 [eight-headed hydra (7)]
 13143 | Lair:1   | Mangled by a black mamba

Illustrated notes

Levels and vault maps discovered:
D:1:      noname_arrival_rooms_in_the_neighbourhood, layout_basic,
          chequers_ecumenical_altar_simple
D:2:      layout_loops_ring, serial_shops, shop
D:3:      layout_loops_ring, amethyst_overflow_temple_binary,
          mainiacjoe_overflow_catch_the_wave, hellmonk_ghost_happy_afterlife,
          minmay_ruptured, uniq_robin, uniq_ijyb
D:4:      minmay_chambers_of_twos, layout_cave_pools,
          mainiacjoe_overflow_boulevard, corexii_corridor_pit,
          minmay_misc_feat_enclosed, kennysheep_crisscross, uniq_edmund
D:5:      layout_loops_ring, slow_altar_1, nicolae_fountain_basement
D:6:      layout_basic, minmay_temple_entry_statues_fountains, serial_shops,
          shop, nicolae_stop_n_shop_2, kennysheep_mini_moat, uniq_menkaure
D:7:      layout_basic, makhleb_blood_cavern_becter, serial_curves,
          eino_curves_03, eino_curves_01, uniq_crazy_yiuf_cottage
D:8:      layout_basic, zin_treasury, ebering_ghost_inner_flame, uniq_maurice
D:9:      layout_roguey, chequers_temple_overflow_statue_of_worship,
          minmay_orc_entry_guard_dogs, kennysheep_another_room,
          kennysheep_kite_vault
D:10:     layout_layer_cave, grunt_qazlal_clouds, nzn_wu_jian_council_hall,
          david_lair_shrubbed
Lair:1:   wad_woods_04, layout_loops_ring, lemuel_oklob_altar, uniq_gastronok

Skill      XL: |  1  2  3  4  5  6  7  8  9 10 11 |
---------------+----------------------------------+-----
Axes           | 3 4 5 6 9 10 | 10.2
Fighting       | 4 5 6 8 |  8.9
Shields        | 4 |  4.0
Armour         | 4 5 6 7 |  7.0
Throwing       | 4 6 7 |  7.0
Maces & Flails | 3 7 8 |  8.3
Invocations    | 2 5 |  5.0
Ice Magic      | 1 |  1.1
Evocations     | 2 3 |  3.5
Spellcasting   | |  0.9

Action                   |  1- 3 |  4- 6 |  7- 9 | 10-12 || total
-------------------------+-------+-------+-------+-------++-------
Melee: War axe           |   110 |   159 |    85 |       ||   354
       Flail             |       |       |    90 |   162 ||   252
Throw: Dart              |       |       |    18 |    32 ||    50
       Stone             |       |       |    11 |       ||    11
       Javelin           |       |       |     2 |     9 ||    11
       Boomerang         |       |       |       |     9 ||     9
       Throwing net      |       |       |       |     1 ||     1
Invok: Heroism           |       |     1 |       |     3 ||     4
Evoke: Wand              |       |       |       |     4 ||     4
  Use: Potion            |       |     1 |     3 |     1 ||     5
       Scroll            |       |       |     7 |     7 ||    14
Armor: Scale mail        |    60 |    15 |       |       ||    75
       Plate armour      |       |    37 |   104 |    89 ||   230
       Chain mail        |       |    11 |       |       ||    11
       Skin              |       |       |    16 |       ||    16
Dodge: Dodged            |    59 |    46 |    45 |    81 ||   231
Block: Buckler           |    27 |    35 |    90 |   123 ||   275
       Reflection        |       |     1 |     1 |     6 ||     8

Table legend: (Time is in decaauts)
 A = Elapsed time spent in this place.
 B = Non-inter-level travel time spent in this place.
 C = Inter-level travel time spent in this place.
 D = Time resting spent in this place.
 E = Time spent auto-exploring this place.
 F = Levels seen in this place.
 G = Mean time per level.
                   A        B        C        D        E       F      G
               +--------+--------+--------+--------+--------+-----+--------+
         Total |  13241 |  12520 |    721 |   3076 |   6661 |  11 | 1203.7 |
       Dungeon |  13225 |  12504 |    721 |   3076 |   6661 |  10 | 1322.5 |
          Lair |     16 |     16 |      0 |      0 |      0 |   1 |   16.0 |
               +--------+--------+--------+--------+--------+-----+--------+

Top non-repeatable levels by time:
     D:6: 1964 daAuts
     D:8: 1704 daAuts
     D:3: 1571 daAuts
    D:10: 1546 daAuts
     D:9: 1336 daAuts
     D:7: 1292 daAuts
     D:1: 1098 daAuts
     D:4: 1003 daAuts
     D:2: 862 daAuts
     D:5: 846 daAuts
  Lair:1: 16 daAuts
